 Dungeon Crawl Stone Soup version 0.24.0-123-gd5b16e6ec5 (webtiles) character file.

Game seed: 319122942486099887, levelgen mode: deterministic

616 Bluestream the Cleaver (level 7, -3/64 HPs)
             Began as a Hill Orc Fighter on Feb 4, 2020.
             Slain by a troll (4 damage)
             ... on level 4 of the Dungeon.
             The game lasted 00:06:31 (3367 turns).

Bluestream the Cleaver (Hill Orc Fighter)           Turns: 3367, Time: 00:06:32

Health: -3/64      AC:  9    Str: 21    XL:     7   Next: 45%
Magic:  7/7        EV:  7    Int:  8    God:
Gold:   157        SH:  9    Dex: 10    Spells: 6/6 levels left

rFire    . . .     SeeInvis .   a - +0 war axe
rCold    . . .     Gourm    .   c - +0 shield
rNeg     . . .     Faith    .   p - +0 scale mail (curse)
rPois    .         Spirit   .   (no helmet)
rElec    .         Reflect  .   j - +0 cloak
rCorr    .         Harm     .   (no gloves)
MR       .....                  r - +0 pair of boots
Stlth    ..........             (no amulet)
HPRegen  0.20/turn              (no ring)
MPRegen  0.10/turn              (no ring)

@: no status effects
A: no striking features
a: no special abilities


You were on level 4 of the Dungeon.
You were hungry.

You visited 1 branch of the dungeon, and saw 4 of its levels.

You collected 157 gold pieces.

Inventory:

Hand Weapons
 a - a +0 war axe (weapon)
Armour
 c - a +0 shield (worn)
 j - a +0 cloak (worn)
 p - a cursed +0 scale mail (worn)
 r - a +0 pair of boots (worn)
Wands
 n - a wand of digging (2)
Scrolls
 b - a scroll of amnesia {unknown}
 g - a scroll of enchant armour {unknown}
 h - 4 scrolls of identify {unknown}
 i - a scroll of remove curse {unknown}
 k - 2 scrolls of teleportation {unknown}
 l - a scroll of noise {unknown}
 m - a scroll of immolation {unknown}
 s - a scroll of fear {unknown}
Potions
 d - a potion of might
 e - a potion of resistance {unknown}
 o - a potion of mutation {unknown}
 q - a potion of lignification {unknown}
Comestibles
 f - 6 rations


   Skills:
 + Level 6.4 Fighting
 * Level 8.8 Axes
 - Level 3.2 Armour
 - Level 3.2 Shields


You had 6 spell levels left.
You didn't know any spells.
Your spell library was empty.

Dungeon Overview and Level Annotations

Branches:
Dungeon (4/15)             Temple (0/1) D:4

Altars:
Xom


Message History

The troll barely misses you.
You hit the troll.
The troll is moderately wounded.
The troll bites you. The troll claws you.
* * * LOW HITPOINT WARNING * * *
The troll closely misses you.
You see here a +0 scale mail.
The troll barely misses you. The troll claws you!
* * * LOW HITPOINT WARNING * * *
You block the troll's attack. The troll bites you.
* * * LOW HITPOINT WARNING * * *
The troll claws you!
* * * LOW HITPOINT WARNING * * *
The troll claws you but does no damage.
There is an escape hatch in the ceiling here.
The troll bites you!
* * * LOW HITPOINT WARNING * * *
The troll claws you.
You die...

#.♣...♣.## ##.. #..[....# ##...
#...<...# ###..#. #...[...#
###...... ####..♣..###
###........ ##..........###
##...)......
##.............####...........
##.................#...........
#............T@###...>.........
###.............###............
##.............# ##...........
##(.#...........# #...........
###..###........###
#........... #..### ###...####
#........... ..## #####
##.......... .## ##.#....... ##
##.........


You could see a troll.

Vanquished Creatures
  A scorpion (D:3)
  A centaur skeleton (D:4)
  A hound (D:4)
  2 orc priests (D:4)
  Jessica (D:2)
  Terence (D:2)
  2 orc wizards
  Natasha (thrice) (D:2)
  An iguana (D:4)
  3 worker ants (D:4)
  A hound skeleton (D:4)
  3 adders
  A howler monkey skeleton (D:4)
  A shadow imp (D:3)
  4 worms
  2 dart slugs
  13 orcs
  A ball python (D:3)
  8 bats
  5 giant cockroaches
  11 goblins
  12 hobgoblins
  11 jackals
  7 kobolds
  4 quokkas
  A frilled lizard (D:3)
  A quokka skeleton (D:4)
  3 rats
105 creatures vanquished.

Notes
Turn   | Place    | Note
-------+----------+-------------------------------------------
     0 | D:1      | Bluestream the Hill Orc Fighter began the quest for the
                  | Orb.
     0 | D:1      | Reached XP level 1. HP: 19/19 MP: 1/1
    70 | D:1      | Reached skill level 3 in Axes
   103 | D:1      | Reached XP level 2. HP: 26/27 MP: 2/2
   389 | D:1      | Reached skill level 4 in Axes
   451 | D:1      | Reached XP level 3. HP: 33/33 MP: 3/3
   700 | D:2      | Found a shimmering altar of Xom.
   717 | D:2      | Noticed Natasha
   722 | D:2      | Noticed Jessica
   723 | D:2      | Killed Natasha
   723 | D:2      | Reached skill level 5 in Axes
   723 | D:2      | Reached XP level 4. HP: 39/41 MP: 4/4
   729 | D:2      | Killed Jessica
   827 | D:2      | Noticed Natasha
   846 | D:2      | Killed Natasha
   846 | D:2      | Reached XP level 5. HP: 39/47 MP: 5/5
   857 | D:2      | Noticed Terence
   868 | D:2      | Killed Terence
   868 | D:2      | Reached skill level 5 in Fighting
   868 | D:2      | Reached skill level 6 in Axes
  1018 | D:2      | Noticed Natasha
  1031 | D:2      | Killed Natasha
  1284 | D:3      | Reached XP level 6. HP: 49/56 MP: 6/6
  1509 | D:3      | Reached skill level 7 in Axes
  2260 | D:4      | Reached skill level 8 in Axes
  2260 | D:4      | Reached XP level 7. HP: 63/63 MP: 7/7
  2368 | D:4      | Found a staircase to the Ecumenical Temple.
  3111 | D:4      | Noticed a troll
  3367 | D:4      | HP: 1/64 [troll (9)]
  3367 | D:4      | Slain by a troll

Levels and vault maps discovered:
D:1:      onia_arrival_mini_spirals, layout_loops_corners
D:2:      layout_rooms, brannock_xom_greatest_gift, uniq_jessica, uniq_terence,
          uniq_natasha
D:3:      layout_loops_ring
D:4:      layout_cave_pods, minmay_temple_entry_proselytizer, first_ration,
          amethyst_killhole, grunt_ministairs_1

Skill      XL: |  1  2  3  4  5  6 |
---------------+-------------------+-----
Axes           | 3 4 5 6 8 |  8.8
Fighting       | 4 5 6 |  6.4
Armour         | |  3.2
Shields        | |  3.2

Action                   |  1- 3 |  4- 6 |  7- 9 || total
-------------------------+-------+-------+-------++-------
Melee: War axe           |   101 |   195 |    73 ||   369
  Eat: Chunk             |       |     4 |     4 ||     8
Armor: Scale mail        |    42 |    94 |    33 ||   169
Dodge: Dodged            |    29 |    51 |    30 ||   110
Block: Shield            |    53 |   110 |    37 ||   200
